RedWings vs BlackHawks

Created - 3 février 2021 at 19:18

Goals
1 2 3 T
RedWings 0 0 0 0
BlackHawks 0 1 1 2
Shots
1 2 3 T
RedWings 12 12 10 34
BlackHawks 3 7 11 21

1st period

No Goal

Penalties :
Jake Gardiner (DET) for Elbowing (Minor) at 1:04, Brock Boeser (CHI) for Tripping (Minor) at 13:36

2nd period

1. BlackHawks , Kyle Palmieri 19 (Phillip Danault 36) at 14:32 (PP)

Penalties :
Jaden Schwartz (CHI) for Interference (Minor) at 7:41, Patric Hornqvist (DET) for Tripping (Minor) at 14:06

3rd period

2. BlackHawks , Ivan Barbashev 4 (Jared McCann 8, Justin Faulk 17) at 11:10

Penalties :
Drew Doughty (DET) for Holding (Minor) at 13:48

Goalie Stats

John Gibson (DET), 19 saves from 21 shots - (0,905), L, 21-15-7, 60:00 minutes
Jacob Markstrom (CHI), 34 saves from 34 shots - (1,000), W, 26-21-4, 60:00 minutes

Players Stats for RedWings

Player Name              G  A  P  +/- PIM S  H  SB GA TA FO     MP     PP MP  PK MP  
------------------------------------------------------------------------------------
Andrew Cogliano          0  0  0   0  0   1  0  0  0  0  1/2    15:36   2:30   2:43 
Brayden Schenn           0  0  0  -1  0   4  2  0  0  0  7/21   19:07   2:24   0:02 
Brett Howden             0  0  0   0  0   3  0  0  0  0  0/1     8:53   0:00   1:39 
Connor Murphy            0  0  0   0  0   0  1  0  0  0  0/0    16:37   1:28   1:46 
David Pastrnak           0  0  0  -1  0   3  0  0  0  0  1/1    18:09   1:28   0:00 
David Perron             0  0  0  -1  0   4  2  0  0  0  0/1    18:09   1:28   0:00 
Drew Doughty             0  0  0   0  2   1  3  0  0  0  0/0    21:29   0:00   0:56 
Erik Haula               0  0  0   0  0   3  2  0  0  0  0/1    17:22   0:00   0:02 
Erik Karlsson            0  0  0  -1  0   1  0  2  0  0  0/0    22:34   2:30   2:23 
Frans Nielsen            0  0  0   0  0   0  0  0  0  0  4/8     8:59   0:06   1:39 
Jake Gardiner            0  0  0  -1  2   3  2  1  0  0  0/0    20:17   1:28   1:09 
John Carlson             0  0  0   0  0   1  1  0  0  0  0/0    25:38   2:30   2:34 
Jordan Szwarz            0  0  0   0  0   0  0  1  0  0  0/0     7:14   0:00   0:00 
Kyle Brodziak            0  0  0   0  0   2  2  0  0  0  10/19  13:06   0:00   2:43 
Mark Scheifele           0  0  0   0  0   4  0  0  0  0  12/21  18:48   1:28   0:00 
Nick Jensen              0  0  0   0  0   0  0  0  0  0  0/0    13:23   0:00   0:00 
Patric Hornqvist         0  0  0   0  2   2  4  1  0  0  1/3    19:49   2:30   0:00 
Ryan Hartman             0  0  0   0  0   2  0  0  0  0  0/1    10:23   0:00   0:00 

Players Stats for BlackHawks

Player Name              G  A  P  +/- PIM S  H  SB GA TA FO     MP     PP MP  PK MP  
------------------------------------------------------------------------------------
Adam Larsson             0  0  0   0  0   1  1  1  0  0  0/0    19:09   1:35   1:20 
Anze Kopitar             0  0  0   1  0   2  1  1  0  0  16/31  24:15   1:22   2:19 
Ben Hutton               0  0  0   0  0   0  1  0  0  0  0/0    16:35   0:00   0:14 
Brandon Carlo            0  0  0   0  0   0  2  0  0  0  0/0    19:09   1:35   1:20 
Brock Boeser             0  0  0   0  2   1  1  1  0  0  0/0    18:30   1:22   1:04 
Curtis Lazar             0  0  0   0  0   0  1  0  0  0  0/1    14:44   0:00   0:00 
Erik Johnson             0  0  0   1  0   0  2  0  0  0  0/0    24:16   2:49   2:24 
Ivan Barbashev           1  0  1   1  0   2  0  0  0  0  0/0     5:12   0:00   0:43 
Jaden Schwartz           0  0  0   0  2   3  0  1  0  0  0/0    17:52   1:22   0:26 
Jared McCann             0  1  1   1  0   0  0  0  0  0  1/4     4:29   0:00   0:00 
Johnny Boychuk           0  0  0   0  0   0  1  0  0  0  0/0    16:35   0:00   0:14 
Justin Faulk             0  1  1   1  0   1  0  0  0  0  0/0    24:16   2:49   2:24 
Kyle Palmieri            1  0  1   0  0   1  3  0  0  0  0/1    19:22   3:02   0:00 
Lawson Crouse            0  0  0   0  0   4  3  0  0  0  3/4    16:16   0:00   1:32 
Phil Kessel              0  0  0   0  0   3  0  0  0  0  1/1    19:22   3:02   0:00 
Phillip Danault          0  1  1   0  0   2  1  0  0  0  16/22  21:14   3:02   1:52 
Ryan Donato              0  0  0   0  0   0  0  0  0  0  0/0     0:00   0:00   0:00 
Scott Laughton           0  0  0   0  0   1  0  0  0  0  6/15   14:44   0:00   0:00 

3 Stars

1 - Jacob Markstrom (CHI)
2 - Kyle Palmieri (CHI)
3 - Ivan Barbashev (CHI)

Power Play

RedWings - 0 on 2 Attempt(s) - 0,00%
BlackHawks - 1 on 3 Attempt(s) - 33,33%

Penalty Kill

RedWings - 2 on 3 Attempt(s) - 66,67% - Score 0 goal in Penalty Kill
BlackHawks - 2 on 2 Attempt(s) - 100,00% - Score 0 goal in Penalty Kill

Team Stat

RedWings - Hits : 19 - Faceoff Wins : 36 - Blocked Shots : 5 - Penalty Minutes : 6
BlackHawks - Hits : 17 - Faceoff Wins : 43 - Blocked Shots : 4 - Penalty Minutes : 4

Official

Referees : Kenny Anderson and Frederick L'Ecuyer
Linesman : Brent Colby and Robb Harrell

Game Notes

No Game Note

Finance

Level 1 -- Attendance: 2492 (38,34%) -- Ticket Income 623 000 $
Level 2 -- Attendance: 1749 (34,98%) -- Ticket Income 349 800 $
Level 3 -- Attendance: 1115 (31,86%) -- Ticket Income 195 125 $
Level 4 -- Attendance: 688 (18,51%) -- Ticket Income 103 200 $
Luxury Box -- Attendance: 454 (45,40%) -- Ticket Income 181 600 $
Game was played at the United Center.
Total Attendance: 6498 (32,96%)
Total Ticket Income: 1 452 725 $
Other Income: 711 835 $
Total Income: 2 164 560 $

% Time on Ice - RedWings

Lines # - Real PCT - Wanted PCT - Time Play
Normal Forward
1 - 32% - 35% - 16:41
2 - 34% - 35% - 17:20
3 - 20% - 20% - 10:23
4 - 14% - 10% - 7:14
Normal Defense
1 - 40% - 45% - 20:34
2 - 34% - 35% - 17:41
3 - 26% - 20% - 13:23
4 - 0% - 0% - 0:00
PP Forward
1 - 37% - 50% - 1:28
2 - 63% - 50% - 2:30
PP Defense
1 - 63% - 60% - 2:30
2 - 37% - 40% - 1:28
PK Forward
1 - 63% - 60% - 2:45
2 - 38% - 40% - 1:39
PK Defense
1 - 66% - 60% - 2:55
2 - 34% - 40% - 1:29
PK3 Forward
1 - 0% - 60%
2 - 0% - 40%
PK3 Defense
1 - 0% - 60%
2 - 0% - 40%
44 Forward
1 - 0% - 50%
2 - 0% - 50%
44 Defense
1 - 0% - 60%
2 - 0% - 40%
Last Minute Offensive  - 0:00
Last Minute Defensive  - 0:00
Total
Forward - 60:00
Defense - 60:00

% Time on Ice - BlackHawks

Lines # - Real PCT - Wanted PCT - Time Play
Normal Forward
1 - 31% - 40% - 16:05
2 - 32% - 30% - 16:20
3 - 29% - 20% - 14:44
4 - 9% - 10% - 4:29
Normal Defense
1 - 35% - 40% - 17:51
2 - 31% - 30% - 16:14
3 - 32% - 20% - 16:21
4 - 2% - 10% - 1:12
PP Forward
1 - 31% - 60% - 1:22
2 - 69% - 40% - 3:02
PP Defense
1 - 64% - 60% - 2:49
2 - 36% - 40% - 1:35
PK Forward
1 - 62% - 60% - 2:28
2 - 38% - 40% - 1:30
PK Defense
1 - 66% - 60% - 2:38
2 - 34% - 40% - 1:20
PK3 Forward
1 - 0% - 60%
2 - 0% - 40%
PK3 Defense
1 - 0% - 60%
2 - 0% - 40%
44 Forward
1 - 0% - 60%
2 - 0% - 40%
44 Defense
1 - 0% - 60%
2 - 0% - 40%
Last Minute Offensive  - 0:00
Last Minute Defensive  - 0:00
Total
Forward - 60:00
Defense - 60:00

Play-by-Play

1st period


0:01 of 1st period - David Pastrnak wins face-off versus Anze Kopitar in neutral zone.
0:18 of 1st period - Shot by David Pastrnak.
0:18 of 1st period - Shot Misses the Net.
0:20 of 1st period - Shot by Drew Doughty.
0:20 of 1st period - Shot Blocked by Anze Kopitar.
0:22 of 1st period - Shot by John Carlson.
0:22 of 1st period - Shot Blocked by Jaden Schwartz.
0:51 of 1st period - Off-side.
0:52 of 1st period - Phillip Danault wins face-off versus Mark Scheifele in neutral zone.
1:04 of 1st period - Minor Penalty to Jake Gardiner for Elbowing.
1:05 of 1st period - Kyle Brodziak wins face-off versus Phillip Danault in RedWings zone.
2:54 of 1st period - Erik Karlsson is hit by Kyle Palmieri and loses puck.
3:09 of 1st period - Shot by Lawson Crouse.
3:09 of 1st period - Stopped by John Gibson without a rebound.
3:10 of 1st period - Mark Scheifele wins face-off versus Scott Laughton in RedWings zone.
3:10 of 1st period - Patric Hornqvist is hit by Lawson Crouse and loses puck.
3:41 of 1st period - Shot by Patric Hornqvist.
3:41 of 1st period - Stopped by Jacob Markstrom without a rebound.
3:42 of 1st period - Jared McCann wins face-off versus Brayden Schenn in BlackHawks zone.
3:53 of 1st period - Shot by David Pastrnak.
3:53 of 1st period - Stopped by Jacob Markstrom without a rebound.
3:54 of 1st period - Phillip Danault wins face-off versus Frans Nielsen in BlackHawks zone.
4:00 of 1st period - Kyle Palmieri is hit by Drew Doughty and loses puck.
4:11 of 1st period - Shot by Brett Howden.
4:11 of 1st period - Stopped by Jacob Markstrom with a rebound.
4:13 of 1st period - Shot by John Carlson.
4:13 of 1st period - Stopped by Jacob Markstrom without a rebound.
4:14 of 1st period - Kyle Brodziak wins face-off versus Anze Kopitar in BlackHawks zone.
4:17 of 1st period - Shot by Jake Gardiner.
4:17 of 1st period - Stopped by Jacob Markstrom without a rebound.
4:18 of 1st period - Anze Kopitar wins face-off versus Ryan Hartman in BlackHawks zone.
5:45 of 1st period - Shot by Mark Scheifele.
5:45 of 1st period - Shot Misses the Net.
6:09 of 1st period - Shot by Curtis Lazar.
6:09 of 1st period - Shot Misses the Net.
6:37 of 1st period - Shot by David Pastrnak.
6:37 of 1st period - Shot Misses the Net.
7:02 of 1st period - Jared McCann is hit by Brayden Schenn.
7:41 of 1st period - Shot by Kyle Palmieri.
7:41 of 1st period - Shot Misses the Net.
7:45 of 1st period - Shot by Phil Kessel.
7:45 of 1st period - Stopped by John Gibson with a rebound.
7:47 of 1st period - Shot by Adam Larsson.
7:47 of 1st period - Stopped by John Gibson without a rebound.
7:48 of 1st period - Kyle Brodziak wins face-off versus Anze Kopitar in RedWings zone.
7:55 of 1st period - Shot by Ryan Hartman.
7:55 of 1st period - The goal is going for a video replay.
7:55 of 1st period - The goal is refused.
7:56 of 1st period - Frans Nielsen wins face-off versus Phillip Danault in BlackHawks zone.
7:59 of 1st period - Shot by Brett Howden.
7:59 of 1st period - Shot Misses the Net.
8:01 of 1st period - Shot by Jake Gardiner.
8:01 of 1st period - Shot Misses the Net.
8:15 of 1st period - Jordan Szwarz is hit by Kyle Palmieri and loses puck.
8:19 of 1st period - Icing by Jake Gardiner.
8:20 of 1st period - Scott Laughton wins face-off versus Brett Howden in RedWings zone.
8:23 of 1st period - Shot by Lawson Crouse.
8:23 of 1st period - Shot Misses the Net.
9:02 of 1st period - Andrew Cogliano is hit by Lawson Crouse and loses puck.
9:24 of 1st period - John Carlson is hit by Brock Boeser and loses puck.
9:28 of 1st period - Drew Doughty is hit by Erik Johnson and loses puck.
9:38 of 1st period - Off-side.
9:39 of 1st period - Phil Kessel wins face-off versus Patric Hornqvist in neutral zone.
9:41 of 1st period - Kyle Palmieri is hit by Connor Murphy and loses puck.
9:56 of 1st period - Johnny Boychuk is hit by Patric Hornqvist and loses puck.
10:12 of 1st period - Shot by Erik Haula.
10:12 of 1st period - Deflect By Patric Hornqvist.
10:12 of 1st period - Shot Misses the Net.
10:14 of 1st period - Shot by Erik Haula.
10:14 of 1st period - Shot Misses the Net.
10:32 of 1st period - Kyle Palmieri is hit by David Perron and loses puck.
10:45 of 1st period - Shot by David Pastrnak.
10:45 of 1st period - Shot Misses the Net.
12:11 of 1st period - Shot by Kyle Brodziak.
12:11 of 1st period - Stopped by Jacob Markstrom without a rebound.
12:12 of 1st period - Mark Scheifele wins face-off versus Curtis Lazar in BlackHawks zone.
12:13 of 1st period - Shot by Patric Hornqvist.
12:13 of 1st period - Stopped by Jacob Markstrom without a rebound.
12:14 of 1st period - Lawson Crouse wins face-off versus Mark Scheifele in BlackHawks zone.
13:21 of 1st period - Icing by David Pastrnak.
13:22 of 1st period - Anze Kopitar wins face-off versus Brayden Schenn in RedWings zone.
13:22 of 1st period - Jaden Schwartz is hit by John Carlson and loses puck.
13:32 of 1st period - David Pastrnak is hit by Ben Hutton and loses puck.
13:36 of 1st period - Minor Penalty to Brock Boeser for Tripping.
13:37 of 1st period - Anze Kopitar wins face-off versus Brayden Schenn in BlackHawks zone.
13:49 of 1st period - Icing by Andrew Cogliano.
13:50 of 1st period - Anze Kopitar wins face-off versus Brayden Schenn in RedWings zone.
14:01 of 1st period - Shot by John Carlson.
14:01 of 1st period - Shot Misses the Net.
14:03 of 1st period - Shot by Erik Karlsson.
14:03 of 1st period - Stopped by Jacob Markstrom without a rebound.
14:04 of 1st period - Anze Kopitar wins face-off versus Mark Scheifele in BlackHawks zone.
14:10 of 1st period - Icing by David Perron.
14:11 of 1st period - Mark Scheifele wins face-off versus Anze Kopitar in RedWings zone.
14:26 of 1st period - Shot by David Perron.
14:26 of 1st period - Shot Misses the Net.
14:28 of 1st period - Shot by Jake Gardiner.
14:28 of 1st period - Stopped by Jacob Markstrom without a rebound.
14:29 of 1st period - Brayden Schenn wins face-off versus Lawson Crouse in BlackHawks zone.
15:47 of 1st period - Shot by Jordan Szwarz.
15:47 of 1st period - Shot Misses the Net.
15:49 of 1st period - Shot by Brett Howden.
15:49 of 1st period - Shot Misses the Net.
15:51 of 1st period - Shot by Brett Howden.
15:51 of 1st period - Shot Misses the Net.
16:58 of 1st period - Jake Gardiner is hit by Phillip Danault and loses puck.
17:34 of 1st period - Icing by Brandon Carlo.
17:35 of 1st period - Mark Scheifele wins face-off versus Anze Kopitar in BlackHawks zone.
17:40 of 1st period - Shot by Mark Scheifele.
17:40 of 1st period - Deflect By Erik Haula.
17:40 of 1st period - Stopped by Jacob Markstrom without a rebound.
17:41 of 1st period - Frans Nielsen wins face-off versus Anze Kopitar in BlackHawks zone.
17:59 of 1st period - Off-side.
18:00 of 1st period - Mark Scheifele wins face-off versus Jared McCann in neutral zone.
18:58 of 1st period - Shot by David Perron.
18:58 of 1st period - Stopped by Jacob Markstrom without a rebound.
18:59 of 1st period - Phillip Danault wins face-off versus Frans Nielsen in BlackHawks zone.
19:06 of 1st period - Brett Howden is hit by Kyle Palmieri.
19:32 of 1st period - Off-side.
19:33 of 1st period - Scott Laughton wins face-off versus Brayden Schenn in neutral zone.
19:50 of 1st period - Shot by Lawson Crouse.
19:50 of 1st period - Shot Hit the Post.
19:52 of 1st period - Shot by Scott Laughton.
19:52 of 1st period - Shot Blocked by Erik Karlsson.
Goals for this period are 0 for RedWings vs 0 for BlackHawks.
Shots for this period are 12 for RedWings vs 3 for BlackHawks.

2nd period


0:01 of 2nd period - Anze Kopitar wins face-off versus Brayden Schenn in neutral zone.
0:14 of 2nd period - Shot by Brock Boeser.
0:14 of 2nd period - Shot Misses the Net.
0:16 of 2nd period - Shot by Jaden Schwartz.
0:16 of 2nd period - Stopped by John Gibson without a rebound.
0:17 of 2nd period - Phillip Danault wins face-off versus Mark Scheifele in RedWings zone.
0:26 of 2nd period - Shot by Mark Scheifele.
0:26 of 2nd period - Stopped by Jacob Markstrom with a rebound.
0:38 of 2nd period - Shot by Mark Scheifele.
0:38 of 2nd period - The goal is going for a video replay.
0:38 of 2nd period - The goal is refused.
0:39 of 2nd period - Anze Kopitar wins face-off versus Brayden Schenn in BlackHawks zone.
0:58 of 2nd period - Shot by David Pastrnak.
0:58 of 2nd period - Deflect By Brayden Schenn.
0:58 of 2nd period - Stopped by Jacob Markstrom without a rebound.
0:59 of 2nd period - Mark Scheifele wins face-off versus Phillip Danault in BlackHawks zone.
0:59 of 2nd period - Mark Scheifele is hit by Brandon Carlo.
1:03 of 2nd period - Shot by Erik Haula.
1:03 of 2nd period - Shot Misses the Net.
1:07 of 2nd period - Shot by Jake Gardiner.
1:07 of 2nd period - Stopped by Jacob Markstrom without a rebound.
1:08 of 2nd period - Brayden Schenn wins face-off versus Anze Kopitar in BlackHawks zone.
1:27 of 2nd period - Shot by Brayden Schenn.
1:27 of 2nd period - Stopped by Jacob Markstrom with a rebound.
1:45 of 2nd period - Shot by Brayden Schenn.
1:45 of 2nd period - Shot Misses the Net.
1:48 of 2nd period - Icing by Justin Faulk.
1:49 of 2nd period - Anze Kopitar wins face-off versus Mark Scheifele in BlackHawks zone.
2:25 of 2nd period - Off-side.
2:26 of 2nd period - Kyle Brodziak wins face-off versus Scott Laughton in neutral zone.
3:03 of 2nd period - Shot by Andrew Cogliano.
3:03 of 2nd period - Shot Misses the Net.
3:05 of 2nd period - Shot by Ryan Hartman.
3:05 of 2nd period - Stopped by Jacob Markstrom without a rebound.
3:06 of 2nd period - Brayden Schenn wins face-off versus Anze Kopitar in BlackHawks zone.
3:11 of 2nd period - Shot by David Pastrnak.
3:11 of 2nd period - Stopped by Jacob Markstrom without a rebound.
3:12 of 2nd period - Anze Kopitar wins face-off versus Patric Hornqvist in BlackHawks zone.
3:29 of 2nd period - Shot by Mark Scheifele.
3:29 of 2nd period - Shot Misses the Net.
3:56 of 2nd period - Off-side.
3:57 of 2nd period - Phillip Danault wins face-off versus David Perron in neutral zone.
4:04 of 2nd period - Off-side.
4:05 of 2nd period - Brayden Schenn wins face-off versus Phillip Danault in neutral zone.
4:18 of 2nd period - Shot by David Pastrnak.
4:18 of 2nd period - Shot Misses the Net.
4:27 of 2nd period - Off-side.
4:28 of 2nd period - Scott Laughton wins face-off versus Kyle Brodziak in neutral zone.
4:45 of 2nd period - Andrew Cogliano is hit by Curtis Lazar and loses puck.
5:24 of 2nd period - Erik Johnson is hit by Kyle Brodziak and loses puck.
5:49 of 2nd period - Shot by Brayden Schenn.
5:49 of 2nd period - Stopped by Jacob Markstrom without a rebound.
5:50 of 2nd period - Mark Scheifele wins face-off versus Phillip Danault in BlackHawks zone.
5:58 of 2nd period - Mark Scheifele is hit by Brandon Carlo.
7:41 of 2nd period - Minor Penalty to Jaden Schwartz for Interference.
7:42 of 2nd period - Lawson Crouse wins face-off versus Brayden Schenn in BlackHawks zone.
7:48 of 2nd period - Icing by John Carlson.
7:49 of 2nd period - Lawson Crouse wins face-off versus Andrew Cogliano in RedWings zone.
8:59 of 2nd period - Icing by Mark Scheifele.
9:00 of 2nd period - Anze Kopitar wins face-off versus Mark Scheifele in RedWings zone.
9:05 of 2nd period - Shot by Phillip Danault.
9:05 of 2nd period - Stopped by John Gibson with a rebound.
9:24 of 2nd period - Shot by Mark Scheifele.
9:24 of 2nd period - Stopped by Jacob Markstrom with a rebound.
9:30 of 2nd period - Shot by Mark Scheifele.
9:30 of 2nd period - Shot Misses the Net.
9:54 of 2nd period - Shot by Curtis Lazar.
9:54 of 2nd period - Deflect By Lawson Crouse.
9:54 of 2nd period - Shot Misses the Net.
9:56 of 2nd period - Shot by Lawson Crouse.
9:56 of 2nd period - Shot Blocked by Jordan Szwarz.
9:58 of 2nd period - Shot by Lawson Crouse.
9:58 of 2nd period - Stopped by John Gibson without a rebound.
9:59 of 2nd period - Andrew Cogliano wins face-off versus Anze Kopitar in RedWings zone.
11:21 of 2nd period - Icing by Erik Johnson.
11:22 of 2nd period - Mark Scheifele wins face-off versus Scott Laughton in BlackHawks zone.
12:57 of 2nd period - Off-side.
12:58 of 2nd period - Frans Nielsen wins face-off versus Scott Laughton in neutral zone.
13:17 of 2nd period - Shot by John Carlson.
13:17 of 2nd period - Shot Misses the Net.
14:04 of 2nd period - Patric Hornqvist is hit by Erik Johnson and loses puck.
14:06 of 2nd period - Minor Penalty to Patric Hornqvist for Tripping.
14:07 of 2nd period - Anze Kopitar wins face-off versus Kyle Brodziak in RedWings zone.
14:18 of 2nd period - Anze Kopitar is hit by Jake Gardiner and loses puck.
14:30 of 2nd period - Shot by Jaden Schwartz.
14:30 of 2nd period - Stopped by John Gibson without a rebound.
14:31 of 2nd period - Phillip Danault wins face-off versus Kyle Brodziak in RedWings zone.
14:32 of 2nd period - Shot by Kyle Palmieri.
14:32 of 2nd period - Goal by Kyle Palmieri - RedWings : 0 - BlackHawks : 1.
14:33 of 2nd period - Phillip Danault wins face-off versus Brayden Schenn in neutral zone.
15:13 of 2nd period - Shot by Brayden Schenn.
15:13 of 2nd period - Stopped by Jacob Markstrom with a rebound.
15:15 of 2nd period - Shot by Drew Doughty.
15:15 of 2nd period - Deflect By David Pastrnak.
15:15 of 2nd period - Shot Misses the Net.
15:37 of 2nd period - Shot by Mark Scheifele.
15:37 of 2nd period - Stopped by Jacob Markstrom without a rebound.
15:38 of 2nd period - Anze Kopitar wins face-off versus Kyle Brodziak in BlackHawks zone.
15:43 of 2nd period - Shot by Jaden Schwartz.
15:43 of 2nd period - Stopped by John Gibson without a rebound.
15:44 of 2nd period - Mark Scheifele wins face-off versus Anze Kopitar in RedWings zone.
15:48 of 2nd period - Off-side.
15:49 of 2nd period - Mark Scheifele wins face-off versus Anze Kopitar in neutral zone.
16:37 of 2nd period - Justin Faulk is hit by Erik Haula and loses puck.
17:22 of 2nd period - Shot by David Perron.
17:22 of 2nd period - Shot Misses the Net.
17:24 of 2nd period - Shot by Drew Doughty.
17:24 of 2nd period - Stopped by Jacob Markstrom without a rebound.
17:25 of 2nd period - Phillip Danault wins face-off versus Kyle Brodziak in BlackHawks zone.
17:46 of 2nd period - Shot by Phillip Danault.
17:46 of 2nd period - Stopped by John Gibson with a rebound.
18:25 of 2nd period - Ivan Barbashev is hit by Drew Doughty.
18:32 of 2nd period - Icing by Brett Howden.
18:33 of 2nd period - Frans Nielsen wins face-off versus Scott Laughton in RedWings zone.
18:53 of 2nd period - Off-side.
18:54 of 2nd period - Anze Kopitar wins face-off versus Mark Scheifele in neutral zone.
19:01 of 2nd period - Brandon Carlo is hit by Erik Haula.
19:37 of 2nd period - Brandon Carlo is hit by Patric Hornqvist.
Goals for this period are 0 for RedWings vs 1 for BlackHawks.
Shots for this period are 12 for RedWings vs 7 for BlackHawks.

3rd period


0:01 of 3rd period - Brayden Schenn wins face-off versus Anze Kopitar in neutral zone.
0:26 of 3rd period - Shot by David Pastrnak.
0:26 of 3rd period - Stopped by Jacob Markstrom without a rebound.
0:27 of 3rd period - Phillip Danault wins face-off versus Erik Haula in BlackHawks zone.
0:44 of 3rd period - Shot by Phillip Danault.
0:44 of 3rd period - Shot Blocked by Patric Hornqvist.
0:48 of 3rd period - Shot by Phillip Danault.
0:48 of 3rd period - Shot Blocked by Erik Karlsson.
0:50 of 3rd period - Shot by Brandon Carlo.
0:50 of 3rd period - Shot Blocked by Jake Gardiner.
1:02 of 3rd period - Phil Kessel is hit by Patric Hornqvist and loses puck.
2:12 of 3rd period - Icing by Ben Hutton.
2:13 of 3rd period - Scott Laughton wins face-off versus Kyle Brodziak in BlackHawks zone.
2:13 of 3rd period - Scott Laughton is hit by Kyle Brodziak.
4:50 of 3rd period - Shot by Erik Haula.
4:50 of 3rd period - Stopped by Jacob Markstrom with a rebound.
4:52 of 3rd period - Shot by Erik Haula.
4:52 of 3rd period - Shot Blocked by Adam Larsson.
4:55 of 3rd period - Mark Scheifele is hit by Adam Larsson and loses puck.
5:03 of 3rd period - Off-side.
5:04 of 3rd period - Kyle Brodziak wins face-off versus Jared McCann in neutral zone.
5:21 of 3rd period - Shot by Ivan Barbashev.
5:21 of 3rd period - Stopped by John Gibson without a rebound.
5:22 of 3rd period - Patric Hornqvist wins face-off versus Anze Kopitar in RedWings zone.
5:48 of 3rd period - Shot by Anze Kopitar.
5:48 of 3rd period - Stopped by John Gibson without a rebound.
5:49 of 3rd period - Phillip Danault wins face-off versus Brayden Schenn in RedWings zone.
6:04 of 3rd period - Shot by Justin Faulk.
6:04 of 3rd period - Stopped by John Gibson without a rebound.
6:05 of 3rd period - Kyle Brodziak wins face-off versus Scott Laughton in RedWings zone.
6:09 of 3rd period - Jake Gardiner is hit by Lawson Crouse and loses puck.
6:20 of 3rd period - Shot by Lawson Crouse.
6:20 of 3rd period - Stopped by John Gibson without a rebound.
6:21 of 3rd period - Phillip Danault wins face-off versus Brayden Schenn in RedWings zone.
6:54 of 3rd period - Shot by Kyle Palmieri.
6:54 of 3rd period - Shot Misses the Net.
7:00 of 3rd period - Shot by David Perron.
7:00 of 3rd period - Stopped by Jacob Markstrom with a rebound.
7:43 of 3rd period - Shot by Erik Haula.
7:43 of 3rd period - Stopped by Jacob Markstrom with a rebound.
8:48 of 3rd period - Icing by Brandon Carlo.
8:49 of 3rd period - Anze Kopitar wins face-off versus Frans Nielsen in BlackHawks zone.
9:22 of 3rd period - Shot by Brett Howden.
9:22 of 3rd period - Stopped by Jacob Markstrom with a rebound.
9:24 of 3rd period - Shot by Brett Howden.
9:24 of 3rd period - Stopped by Jacob Markstrom without a rebound.
9:25 of 3rd period - Brayden Schenn wins face-off versus Phillip Danault in BlackHawks zone.
9:48 of 3rd period - Phillip Danault is hit by Brayden Schenn and loses puck.
10:01 of 3rd period - Shot by David Perron.
10:01 of 3rd period - Stopped by Jacob Markstrom without a rebound.
10:02 of 3rd period - Mark Scheifele wins face-off versus Scott Laughton in BlackHawks zone.
10:50 of 3rd period - Icing by Johnny Boychuk.
10:51 of 3rd period - Scott Laughton wins face-off versus Brayden Schenn in BlackHawks zone.
11:06 of 3rd period - Shot by Jared McCann.
11:06 of 3rd period - Shot Misses the Net.
11:10 of 3rd period - Shot by Ivan Barbashev.
11:10 of 3rd period - Goal by Ivan Barbashev - RedWings : 0 - BlackHawks : 2.
11:11 of 3rd period - Kyle Brodziak wins face-off versus Anze Kopitar in neutral zone.
11:21 of 3rd period - Shot by Andrew Cogliano.
11:21 of 3rd period - Stopped by Jacob Markstrom with a rebound.
11:27 of 3rd period - Shot by Ryan Hartman.
11:27 of 3rd period - Shot Misses the Net.
11:29 of 3rd period - Shot by Kyle Brodziak.
11:29 of 3rd period - Shot Blocked by Brock Boeser.
11:31 of 3rd period - Shot by Kyle Brodziak.
11:31 of 3rd period - Stopped by Jacob Markstrom without a rebound.
11:32 of 3rd period - Phillip Danault wins face-off versus Brayden Schenn in BlackHawks zone.
11:46 of 3rd period - Shot by Phil Kessel.
11:46 of 3rd period - Stopped by John Gibson with a rebound.
12:18 of 3rd period - Icing by Justin Faulk.
12:19 of 3rd period - Phillip Danault wins face-off versus Mark Scheifele in BlackHawks zone.
12:19 of 3rd period - Erik Johnson is hit by Patric Hornqvist and loses puck.
12:55 of 3rd period - Shot by Jaden Schwartz.
12:55 of 3rd period - Shot Misses the Net.
12:57 of 3rd period - Shot by Adam Larsson.
12:57 of 3rd period - Shot Misses the Net.
12:59 of 3rd period - Shot by Anze Kopitar.
12:59 of 3rd period - Stopped by John Gibson with a rebound.
13:01 of 3rd period - Shot by Anze Kopitar.
13:01 of 3rd period - Shot Misses the Net.
13:26 of 3rd period - Shot by Scott Laughton.
13:26 of 3rd period - Deflect By Lawson Crouse.
13:26 of 3rd period - Stopped by John Gibson without a rebound.
13:27 of 3rd period - Scott Laughton wins face-off versus Kyle Brodziak in RedWings zone.
13:27 of 3rd period - Ben Hutton is hit by Drew Doughty and loses puck.
13:35 of 3rd period - Icing by Drew Doughty.
13:36 of 3rd period - Kyle Brodziak wins face-off versus Scott Laughton in RedWings zone.
13:48 of 3rd period - Minor Penalty to Drew Doughty for Holding.
13:49 of 3rd period - Phillip Danault wins face-off versus Kyle Brodziak in RedWings zone.
13:52 of 3rd period - Shot by Phil Kessel.
13:52 of 3rd period - Shot Misses the Net.
14:32 of 3rd period - Icing by Phillip Danault.
14:33 of 3rd period - Phillip Danault wins face-off versus Kyle Brodziak in BlackHawks zone.
15:11 of 3rd period - Icing by Erik Johnson.
15:12 of 3rd period - Phillip Danault wins face-off versus Frans Nielsen in BlackHawks zone.
15:21 of 3rd period - Icing by Justin Faulk.
15:22 of 3rd period - Kyle Brodziak wins face-off versus Kyle Palmieri in BlackHawks zone.
16:13 of 3rd period - Shot by Scott Laughton.
16:13 of 3rd period - Stopped by John Gibson without a rebound.
16:14 of 3rd period - Anze Kopitar wins face-off versus Brayden Schenn in RedWings zone.
16:20 of 3rd period - Brock Boeser is hit by Jake Gardiner and loses puck.
16:27 of 3rd period - Anze Kopitar is hit by David Perron and loses puck.
16:39 of 3rd period - Shot by David Pastrnak.
16:39 of 3rd period - Shot Misses the Net.
16:41 of 3rd period - Shot by David Perron.
16:41 of 3rd period - Stopped by Jacob Markstrom without a rebound.
16:42 of 3rd period - Mark Scheifele wins face-off versus Scott Laughton in BlackHawks zone.
16:46 of 3rd period - Mark Scheifele is hit by Johnny Boychuk and loses puck.
16:49 of 3rd period - Shot by Patric Hornqvist.
16:49 of 3rd period - Shot Misses the Net.
17:07 of 3rd period - Icing by Nick Jensen.
17:08 of 3rd period - Anze Kopitar wins face-off versus Mark Scheifele in RedWings zone.
17:11 of 3rd period - Shot by Brock Boeser.
17:11 of 3rd period - Stopped by John Gibson without a rebound.
17:12 of 3rd period - Brayden Schenn wins face-off versus Anze Kopitar in RedWings zone.
17:12 of 3rd period - Brayden Schenn is hit by Anze Kopitar.
17:21 of 3rd period - Off-side.
17:22 of 3rd period - Kyle Brodziak wins face-off versus Jared McCann in neutral zone.
18:28 of 3rd period - Shot by Phil Kessel.
18:28 of 3rd period - Shot Misses the Net.
18:30 of 3rd period - Shot by Phil Kessel.
18:30 of 3rd period - Stopped by John Gibson with a rebound.
Goals for this period are 0 for RedWings vs 1 for BlackHawks.
Shots for this period are 10 for RedWings vs 11 for BlackHawks.